 Dungeon Crawl Stone Soup version 0.29-a0-982-gaed3a0c8d8 (webtiles) character file.

Game seed: 6037226539235854025

5572 testman the Skirmisher (level 11, -3/93 HPs)
             Began as a Formicid Hunter on Aug 1, 2022.
             Was a Believer of Dithmenos.
             Slain by a vampire mosquito (5 damage)
             ... on level 11 of the Dungeon.
             The game lasted 00:22:23 (9195 turns).

testman the Skirmisher (Formicid Hunter)            Turns: 9195, Time: 00:22:27

Health: -3/93      AC:  6    Str: 23    XL:     11   Next: 2%
Magic:  11/11      EV: 12    Int:  8    God:    Dithmenos [**....]
Gold:   160        SH:  9    Dex: 21    Spells: 10/10 levels left

rFire   + . .      SeeInvis +   c - +2 arbalest (freeze)
rCold   + . .      Faith    .   C - +2 buckler
rNeg    . . .      Spirit   .   u - +3 leather armour {Will+}
rPois   .          Reflect  .   (helmet unavailable)
rElec   .          Harm     .   K - scarf {rC+ rF+}
rCorr   .          Rampage  .   (no gloves)
Will    +++..                   (no boots)
Stlth   ++........              (no amulet)
HPRegen 0.25/turn               n - ring of willpower
MPRegen 0.12/turn               x - +6 ring of strength

@: wreathed by umbra, studying Ranged Weapons
A: permanent stasis, dig shafts and tunnels, antennae 3, four strong arms
a: Dig, Shaft Self, Renounce Religion, Shadow Step


You were on level 11 of the Dungeon.
You worshipped Dithmenos.
Dithmenos was pleased with you.
You visited 1 branch of the dungeon, and saw 11 of its levels.

You collected 362 gold pieces.
You spent 202 gold pieces at shops.

Inventory:

Hand Weapons
 a - a +0 shortbow
 c - a +2 arbalest of freezing (weapon)
Armour
 u - a +3 leather armour of willpower (worn)
 C - a +2 buckler (worn)
 K - a scarf of resistance (worn)
Jewellery
 f - a ring of ice
 n - a ring of willpower (left hand)
 x - a +6 ring of strength (right hand)
 I - a +4 ring of protection
Wands
 G - a wand of paralysis (9)
 H - a wand of digging (4)
 J - a wand of iceblast (5)
Scrolls
 b - 5 scrolls of immolation
 g - a scroll of vulnerability {unknown}
 h - 9 scrolls of identify
 i - a scroll of amnesia {unknown}
 k - 5 scrolls of teleportation
 l - a scroll of noise {unknown}
 m - 2 scrolls of poison {unknown}
 p - 5 scrolls of blinking {unknown}
 r - 2 scrolls of acquirement {unknown}
 v - a scroll of butterflies {unknown}
 w - 2 scrolls of enchant armour {unknown}
 y - a scroll of silence {unknown}
 E - a scroll of magic mapping {unknown}
 F - a scroll of fear {unknown}
Potions
 d - 5 potions of attraction
 e - 2 potions of degeneration {unknown}
 j - a potion of resistance {unknown}
 o - 3 potions of curing {unknown}
 q - a potion of brilliance {unknown}
 s - a potion of haste {unknown}
 z - 2 potions of flight {unknown}
 A - a potion of invisibility {unknown}
 B - 3 potions of might {unknown}
 D - a potion of berserk rage {unknown}


   Skills:
 + Level 11.3 Fighting
 + Level 12.9 Ranged Weapons
 - Level 1.7 Dodging
 - Level 1.2 Stealth
 + Level 8.1 Shields


You had 10 spell levels left.
You didn't know any spells.
Your spell library contained the following spells:

 Spells                   Type           Power      Damage    Failure   Level
 Freeze                   Ice            0%         1d3       52%         1
 Magic Dart               Conj           0%         1d3       52%         1
 Call Imp                 Summ           0%         N/A       65%         2
 Confusing Touch          Hex            0%         N/A       87%         3
 Frozen Ramparts          Ice            0%         1d8       87%         3
 Mephitic Cloud           Conj/Pois/Air  0%         N/A       87%         3
 Hailstorm                Conj/Ice       0%         3d3       99%         4
 Yara's Violent Unravell  Hex/Tmut       0%         3d3       100%        5
 Enfeeble                 Hex            0%         N/A       100%        7


Dungeon Overview and Level Annotations

Branches:
Dungeon (12/15)            Temple (0/1) D:6
   Lair: D:8-11         Orc: D:9-12

Altars:
Ashenzari
Dithmenos
Okawaru
Sif Muna
Uskayaw
Yredelemnul

Shops:
D:2 *   D:5 :((   D:7 (

Annotations:
D:12 Gastronok


Innate Abilities, Weirdness & Mutations

You cannot be hasted, slowed, berserked, paralysed or teleported.
You can dig through walls and to a lower floor.
You have a pair of large antennae on your head. (SInv)
Your four strong arms can wield two-handed weapons with a shield.


Message History

As you read the scroll labelled FEOMMU TELO, it crumbles to dust.
It is a scroll of identify.
d - 5 potions of attraction Fire: c) +2 arbalest (freeze)
Press: ? - help, Q - select action, (/) - cycle Shift-Dir - straight line, f - vampire mosquito
Aim: a vampire mosquito (umbra, 57% to hit)
You shoot a bolt.
The bolt closely misses the vampire mosquito.
You hear an angry buzzing noise.
The vampire mosquito bites you!
* * * LOW HITPOINT WARNING * * *
The vampire mosquito draws strength from your injuries!
You block the vampire mosquito's attack.
Fire: c) +2 arbalest (freeze)
Press: ? - help, Q - select action, (/) - cycle Shift-Dir - straight line, f/p - vampire mosquito
Aim: a vampire mosquito (umbra, 57% to hit)
You shoot a bolt. The bolt hits the vampire mosquito.
The bolt freezes the vampire mosquito.
The vampire mosquito is lightly damaged.
The vampire mosquito closely misses you.
You block the vampire mosquito's attack.
Fire: c) +2 arbalest (freeze)
Press: ? - help, Q - select action, (/) - cycle Shift-Dir - straight line, f/p - vampire mosquito
Aim: a vampire mosquito (lightly damaged, umbra, 57% to hit)
You shoot a bolt.
The bolt closely misses the vampire mosquito.
You hear an angry buzzing noise.
The vampire mosquito bites you.
* * * LOW HITPOINT WARNING * * *
The vampire mosquito draws strength from your injuries!
A vampire mosquito comes into view.
The vampire mosquito closely misses you.
The vampire mosquito barely misses you.
As you read the scroll labelled POK ENURALISI, it crumbles to dust.
You feel a strange sense of stasis.
It was a scroll of teleportation.
The vampire mosquito bites you.
* * * LOW HITPOINT WARNING * * *
The vampire mosquito draws strength from your injuries!
The vampire mosquito bites you.
You die...

#. #.#..#.###
#.##.#......#
#.........#
#.......#{
#...y...#
####)#### { #†#
####.## #.@yy.#
.......##.#.....
######. ###.##.#
#. # #. #. #. ##


You could see 2 vampire mosquitoes.

Vanquished Creatures
  A hornet (D:8)
  A wyvern (D:9)
  10 yaks
  2 steam dragons (D:8)
  2 vampire mosquitoes (D:11)
  2 water moccasins (D:7)
  Duvessa (D:4)
  An ice beast (D:6)
  2 orc warriors (D:6)
  5 centaurs
  2 phantoms (D:5)
  A bullfrog (D:7)
  Blork the orc (D:4)
  2 kobold brigands (D:7)
  3 necrophages
  2 gnoll sergeants
  2 scorpions
  10 wights
  Dowan (D:4)
  A gnoll bouda (D:4)
  6 hounds
  2 jellies
  4 orc priests
  2 iguanas
  3 orc wizards
  Robin (D:4)
  12 gnolls
  5 adders
  2 shadow imps
  A white imp (D:7)
  4 ufetubi
  2 worms (D:2)
  4 dart slugs
  32 orcs
  5 bats
  8 endoplasms
  4 giant cockroaches
  9 goblins
  11 hobgoblins
  2 jackals (D:3)
  15 kobolds
  9 quokkas
  6 ball pythons
  2 frilled lizards
  6 rats
209 creatures vanquished.

Notes
Turn   | Place    | Note
-------+----------+-------------------------------------------
     0 | D:1      | testman the Formicid Hunter began the quest for the Orb.
     0 | D:1      | Reached XP level 1. HP: 16/16 MP: 1/1
   174 | D:1      | Found a faded altar of an unknown god.
   199 | D:1      | Reached XP level 2. HP: 23/23 MP: 2/2
   379 | D:1      | Reached XP level 3. HP: 29/29 MP: 3/3
   955 | D:2      | Found Koefazam's Assorted Antiques.
  1008 | D:2      | Reached XP level 4. HP: 35/35 MP: 4/4
  1636 | D:3      | Reached skill level 5 in Ranged Weapons
  1982 | D:3      | Reached XP level 5. HP: 42/42 MP: 5/5
  2584 | D:4      | Noticed Blork the orc
  2590 | D:4      | Killed Blork the orc
  2599 | D:4      | Noticed Duvessa
  2599 | D:4      | HP: 1/43 [iguana (13)]
  2603 | D:4      | Reached XP level 6. HP: 21/49 MP: 6/6
  2605 | D:4      | You fall into a shaft and drop 1 floor!
  2605 | D:5      | Entered Level 5 of the Dungeon
  2835 | D:5      | You fall into a shaft and drop 2 floors!
  2864 | D:7      | Reached skill level 5 in Fighting
  3069 | D:6      | Reached skill level 6 in Ranged Weapons
  3076 | D:6      | Noticed an orc warrior
  3154 | D:7      | Reached XP level 7. HP: 21/57 MP: 7/7
  3805 | D:5      | Found Bugh's Weapon Emporium.
  3806 | D:5      | Found Soucot's Antique Weapon Shoppe.
  4110 | D:5      | Reached skill level 7 in Ranged Weapons
  4333 | D:5      | Reached XP level 8. HP: 54/65 MP: 8/8
  4440 | D:5      | Found Vuaxee's Book Emporium.
  4479 | D:4      | Noticed Robin
  4669 | D:4      | Killed Robin
  4705 | D:4      | Found a shadowy altar of Dithmenos.
  4708 | D:4      | Became a worshipper of Dithmenos the Shadowed
  4757 | D:5      | Bought a runed arbalest for 202 gold pieces
  5211 | D:4      | Noticed Dowan
  5215 | D:4      | Killed Duvessa
  5216 | D:4      | Reached skill level 8 in Ranged Weapons
  5219 | D:4      | Killed Dowan
  5409 | D:4      | Found an iron altar of Okawaru.
  5496 | D:5      | Found Peoshu's Distillery.
  5537 | D:5      | Identified the +7 whip "Zinav" {vorpal, rC+ rCorr Str+4
                  | Dex-2}
  5538 | D:5      | Reached * piety under Dithmenos
  5541 | D:5      | Reached XP level 9. HP: 75/75 MP: 9/9
  6049 | D:6      | Reached skill level 9 in Ranged Weapons
  6413 | D:6      | Reached skill level 1 in Shields
  6536 | D:6      | Found a staircase to the Ecumenical Temple.
  7350 | D:7      | Reached skill level 10 in Ranged Weapons
  7718 | D:7      | Found a hide-covered altar of Uskayaw.
  7724 | D:7      | Found Yfrur's Weapon Shoppe.
  7786 | D:7      | Reached ** piety under Dithmenos
  7881 | D:7      | Found a broken altar of Ashenzari.
  7993 | D:8      | Found a basalt altar of Yredelemnul.
  8086 | D:8      | Reached XP level 10. HP: 76/85 MP: 10/10
  8088 | D:8      | Reached skill level 10 in Fighting
  8088 | D:8      | Reached skill level 11 in Ranged Weapons
  8088 | D:8      | Reached skill level 5 in Shields
  8473 | D:8      | Found a shimmering blue altar of Sif Muna.
  8881 | D:9      | Reached skill level 12 in Ranged Weapons
  8905 | D:9      | You fall into a shaft and drop 3 floors!
  8907 | D:12     | Noticed a two-headed ogre
  9150 | D:12     | Noticed Gastronok
  9182 | D:11     | Reached XP level 11. HP: 21/93 MP: 11/11
  9195 | D:11     | HP: 2/93 [vampire mosquito (4)]
  9195 | D:11     | Slain by a vampire mosquito

Illustrated notes

Levels and vault maps discovered:
D:1:      spicycebolla_arrival_xxxplode, layout_basic,
          ebering_ecumenical_altar_hall
D:2:      layout_basic, serial_shops, nicolae_diamond_shop
D:3:      layout_basic
D:4:      layout_basic, okawaru_altar_gauntlet_db,
          grunt_dithmenos_smoke_and_mirrors, uniq_blork_the_orc, uniq_robin,
          uniq_duvessa
D:5:      layout_basic, serial_shops, nicolae_shop_window_shopping,
          nicolae_shop_trees, shop, shop_statue, minmay_manual_moon
D:6:      layout_gridville, minmay_temple_entry_enclosed_plants
D:7:      layout_rooms, overflow_temple_1_default, lemuel_tele_altar,
          nicolae_wooded_promenade
D:8:      layout_loops_ring, mainiacjoe_overflow_cross_hatched, led_sif_pool,
          hangedman_decor_peaks_small
D:9:      layout_layer_cave, minitemple, mainiacjoe_overflow_24_doors,
          nicolae_overflow_hidden_temple, orc_0_dummy
D:11:     layout_loops_cross, tgw_fedhas
D:12:     layout_cave_pools, uniq_azrael, uniq_gastronok, uniq_erolcha

Skill      XL: |  1  2  3  4  5  6  7  8  9 10 |
---------------+-------------------------------+-----
Fighting       | 3 4 5 6 8 9 11 | 11.3
Ranged Weapons | 5 6 7 8 10 12 | 12.9
Shields        | 4 8 |  8.1
Dodging        | |  1.7
Stealth        | |  1.2

Action                   |  1- 3 |  4- 6 |  7- 9 | 10-12 || total
-------------------------+-------+-------+-------+-------++-------
 Fire: Shortbow          |    60 |   155 |   133 |       ||   348
       Arbalest          |       |       |   155 |    83 ||   238
 Abil: Shaft Self        |       |     1 |       |     1 ||     2
  Use: Potion            |       |     3 |       |     1 ||     4
       Scroll            |       |       |       |     2 ||     2
Armor: Leather armour    |       |    24 |    43 |     8 ||    75
Dodge: Dodged            |     8 |    51 |   113 |    18 ||   190
Block: Buckler           |       |       |    24 |    24 ||    48

Table legend: (Time is in decaauts)
 A = Elapsed time spent in this place.
 B = Non-inter-level travel time spent in this place.
 C = Inter-level travel time spent in this place.
 D = Time resting spent in this place.
 E = Time spent auto-exploring this place.
 F = Levels seen in this place.
 G = Mean time per level.
                   A        B        C        D        E       F      G
               +--------+--------+--------+--------+--------+-----+--------+
         Total |   9390 |   9014 |    376 |   2117 |   5522 |  11 |  853.6 |
       Dungeon |   9390 |   9014 |    376 |   2117 |   5522 |  11 |  853.6 |
               +--------+--------+--------+--------+--------+-----+--------+

Top non-repeatable levels by time:
     D:6: 1780 daAuts
     D:5: 1748 daAuts
     D:7: 1190 daAuts
     D:3: 915 daAuts
     D:2: 870 daAuts
     D:4: 851 daAuts
     D:1: 786 daAuts
     D:8: 755 daAuts
    D:12: 249 daAuts
     D:9: 193 daAuts
    D:11: 48 daAuts
